 Dungeon Crawl Stone Soup version 0.26-a0-1222-g14533b3512 (webtiles) character file.

Game seed: 9144214600932700800

174 teolandon225 the Chopper (level 5, 0/47 HPs)
             Began as a Minotaur Berserker on Dec 31, 2020.
             Was a Believer of Trog.
             Slain by a worker ant (3 damage)
             ... on level 4 of the Dungeon.
             The game lasted 00:04:03 (2161 turns).

teolandon225 the Chopper (Minotaur Berserker)       Turns: 2161, Time: 00:04:04

Health: 0/47       AC:  7    Str: 23    XL:     5   Next: 28%
Magic:  4/4        EV: 11    Int:  4    God:    Trog [**....]
Gold:   161        SH:  2    Dex:  9    Spells: 4/4 levels left

rFire    . . .     SeeInvis .   a - +0 hand axe
rCold    . . .     Faith    .   m - +0 buckler
rNeg     . . .     Spirit   .   o - +0 ring mail
rPois    .         Reflect  .   (helmet restricted)
rElec    .         Harm     .   p - +0 cloak
rCorr    .         Rampage  .   (no gloves)
Will     .....                  (no boots)
Stlth    ..........             (no amulet)
HPRegen  0.15/turn              (no ring)
MPRegen  0.09/turn              (no ring)

@: lethally poisoned (0 -> -2), berserk cooldown, slowed, very slow
A: retaliatory headbutt, horns 2
a: Renounce Religion, Berserk, Trog's Hand


You were on level 4 of the Dungeon.
You worshipped Trog.
Trog was pleased with you.
You visited 1 branch of the dungeon, and saw 3 of its levels.

You collected 161 gold pieces.

Inventory:

Hand Weapons
 a - a +0 hand axe (weapon)
Armour
 m - a +0 buckler (worn)
 o - a +0 ring mail (worn)
 p - a +0 cloak (worn)
Scrolls
 c - 2 scrolls of blinking {unknown}
 d - a scroll of teleportation {unknown}
 f - a scroll of identify {unknown}
 h - 3 scrolls of amnesia {unknown}
 k - 3 scrolls of remove curse {unknown}
 l - a scroll of fog {unknown}
 r - a scroll of noise {unknown}
 s - a scroll of random uselessness {unknown}
Potions
 b - 2 potions of curing {unknown}
 e - 2 potions of ambrosia {unknown}
 g - a potion of lignification {unknown}
 i - a potion of flight {unknown}
 j - a potion of might {unknown}
 n - 3 potions of heal wounds {unknown}
 q - a potion of attraction {unknown}


   Skills:
 + Level 4.6 Fighting
 * Level 5.1 Axes
 + Level 3.8 Armour
 + Level 3.4 Dodging


You had 4 spell levels left.
You didn't know any spells.
Your spell library was empty.

Dungeon Overview and Level Annotations

Branches:
Dungeon (2/15)

Altars:
Dithmenos


Innate Abilities, Weirdness & Mutations

You reflexively headbutt those who attack you in melee.
You have a pair of horns on your head.


Message History

The worker ant bites you but does no damage.
The worker ant bites you.
* * * LOW HITPOINT WARNING * * *
You are poisoned.
The worker ant poisons you!
You hit the worker ant but do no damage.
The worker ant is moderately wounded.
You feel sick.
The worker ant bites you but does no damage.
You block the worker ant's attack.
You hit the worker ant but do no damage.
The worker ant is moderately wounded.
You feel sick. The worker ant closely misses you. x2
You barely miss the worker ant. Your headbutt misses the worker ant.
The worker ant is moderately wounded.
You block the worker ant's attack. The worker ant barely misses you.
You barely miss the worker ant.
The worker ant is moderately wounded.
You feel sick. The worker ant bites you.
You die...

#........<.....
#..............
#..............
#[.............
###########..............
.............>..........
#.###.#######.......†......
#...........B......?.......
#..########@########.......
# ###...#†#...### .......
#....##.##....# .......
##.)..##.##....##.......
#..(.'#...#'....#.......
######....†######.......
+...............+
###...........###
##.........##


You could see a worker ant.

Vanquished Creatures
  A howler monkey (D:4)
  A hound (D:4)
  6 adders
  An ooze (D:4)
  A worm (D:4)
  3 dart slugs
  A leopard gecko (D:1)
  4 bats
  5 giant cockroaches
  A goblin (D:1)
  2 hobgoblins
  4 jackals (D:1)
  5 frilled lizards (D:1)
  5 kobolds
  3 rats (D:1)
43 creatures vanquished.

Notes
Turn   | Place    | Note
-------+----------+-------------------------------------------
     0 | D:1      | teolandon225 the Minotaur Berserker began the quest for the
                  | Orb.
     0 | D:1      | Reached XP level 1. HP: 19/19 MP: 0/0
   457 | D:1      | Reached XP level 2. HP: 27/27 MP: 1/1
   751 | D:1      | Reached skill level 4 in Axes
   957 | D:1      | Reached ** piety under Trog
  1053 | D:1      | Reached XP level 3. HP: 33/33 MP: 2/2
  1729 | D:2      | Reached XP level 4. HP: 34/40 MP: 3/3
  1748 | D:2      | Found a shadowy altar of Dithmenos.
  1936 | D:2      | You fall into a shaft and drop 2 floors!
  2148 | D:4      | Reached skill level 5 in Axes
  2148 | D:4      | Reached XP level 5. HP: 18/47 MP: 4/4
  2161 | D:4      | Slain by a worker ant

Illustrated notes

Levels and vault maps discovered:
D:1:      dpeg_arrival_arbitrary_c, layout_basic, moated_statue
D:2:      layout_rooms, nemelex_xobeh_ov_fountains_minmay,
          nicolae_dithmenos_shadow_blocks
D:4:      layout_basic, hangedman_decor_growths, minmay_pentangle

Skill      XL: |  1  2  3  4 |
---------------+-------------+-----
Fighting       | 4 |  4.6
Axes           | 4 5 |  5.1
Armour         | 3 |  3.8
Dodging        | 3 |  3.4

Action                   |  1- 3 |  4- 6 || total
-------------------------+-------+-------++-------
Melee: Hand axe          |    65 |    30 ||    95
       Headbutt          |    10 |     4 ||    14
Invok: Berserk           |     1 |     1 ||     2
Armor: Animal skin       |    13 |       ||    13
       Ring mail         |       |     7 ||     7
Dodge: Dodged            |    49 |    10 ||    59
Block: Buckler           |       |     5 ||     5

Table legend: (Time is in decaauts)
 A = Elapsed time spent in this place.
 B = Non-inter-level travel time spent in this place.
 C = Inter-level travel time spent in this place.
 D = Time resting spent in this place.
 E = Time spent auto-exploring this place.
 F = Levels seen in this place.
 G = Mean time per level.
                   A        B        C        D        E       F      G
               +--------+--------+--------+--------+--------+-----+--------+
         Total |   2185 |   2160 |     25 |    460 |   1255 |   3 |  728.3 |
       Dungeon |   2185 |   2160 |     25 |    460 |   1255 |   3 |  728.3 |
               +--------+--------+--------+--------+--------+-----+--------+

Top non-repeatable levels by time:
     D:1: 1470 daAuts
     D:2: 484 daAuts
     D:4: 230 daAuts
